 Dungeon Crawl Stone Soup version 0.26-a0-690-gcb57259078 (webtiles) character file.

Game seed: 8534369655821659542

57481 zazu2006 the Unseen (level 14, -14/123 HPs)
             Began as a Naga Hedge Wizard on Oct 23, 2020.
             Was a High Priest of Vehumet.
             Demolished by a freezing wraith (20 damage)
             ... led by a death knight
             ... on level 12 of the Dungeon.
             The game lasted 01:08:33 (27926 turns).

zazu2006 the Unseen (Naga Hedge Wizard)            Turns: 27926, Time: 01:08:36

Health: -14/123    AC: 14    Str: 14    XL:     14   Next: 86%
Magic:  7/37       EV: 12    Int: 18    God:    Vehumet [*****.]
Gold:   1749       SH:  5    Dex: 11    Spells: 16/33 levels left

rFire    + . .     SeeInvis +   R - +4 dagger (freeze)
rCold    . . .     Faith    .   f - +0 buckler
rNeg     . . .     Spirit   .   M - +0 acid dragon scales
rPois    +         Reflect  .   j - +0 helmet
rElec    .         Harm     .   J - scarf {+Inv}
rCorr    +         Rampage  .   C - +2 pair of gloves
MR       +....                  (no barding)
Stlth    ++++++....             w - amulet of magic regeneration
HPRegen  0.30/turn              h - +4 ring of slaying
MPRegen  0.50/turn              k - ring "Ziz Kaef" {*Corrode rF+ MP+9 SInv}

@: very slightly contaminated, very slow
A: large, see invisible, deformed body, poison resistance, slowness 2, spit
poison 1, constrict 1, AC +4
a: Spit Poison, Renounce Religion, Evoke Invisibility


You were on level 12 of the Dungeon.
You worshipped Vehumet.
Vehumet was extremely pleased with you.
You visited 3 branches of the dungeon, and saw 19 of its levels.
You also visited: Ice Cave.

You collected 1749 gold pieces.

Inventory:

Hand Weapons
 a - a +1 dagger of venom
 R - a +4 dagger of freezing (weapon)
 X - a +3 long sword of freezing
Missiles
 c - 76 poisoned darts (quivered)
Armour
 f - a +0 buckler (worn)
 j - a +0 helmet (worn)
 C - a +2 pair of gloves (worn)
 J - a scarf of invisibility (worn)
 M - +0 acid dragon scales (worn)
Jewellery
 h - a +4 ring of slaying (left hand)
 k - the ring "Ziz Kaef" (right hand) {*Corrode rF+ MP+9 SInv}
   (You found it in an ice cave)

   [ring of protection from fire]

   It protects you from fire.
   It affects your magic capacity (+9).
   It lets you see invisible.
   It may corrode you when you take damage.
 q - an uncursed ring of protection from magic {unknown}
 w - an amulet of magic regeneration (around neck)
 A - an uncursed amulet of regeneration {unknown}
 B - an uncursed ring of protection from cold
 G - an uncursed ring of positive energy
 I - an uncursed ring of see invisible {unknown}
 L - a +4 ring of evasion {unknown}
 T - an uncursed ring of poison resistance {unknown}
 W - a cursed ring of teleportation {unknown}
Wands
 e - a wand of disintegration (12)
 p - a wand of digging (17)
 s - a wand of polymorph (13)
 t - a wand of acid (7)
 y - a wand of random effects (21)
 z - a wand of iceblast (6)
 D - a wand of flame (4)
Scrolls
 b - 10 scrolls of remove curse
 d - a scroll of noise
 g - 5 scrolls of magic mapping {unknown}
 m - a scroll of teleportation
 n - 3 scrolls of fog {unknown}
 o - 2 scrolls of immolation {unknown}
 v - a scroll of amnesia {unknown}
 F - a scroll of acquirement {unknown}
 H - 3 scrolls of identify
 K - 2 scrolls of fear {unknown}
 P - 5 scrolls of blinking {unknown}
 Q - a scroll of brand weapon {unknown}
Potions
 i - 3 potions of magic
 r - a potion of cancellation
 u - 6 potions of curing
 x - 3 potions of flight
 E - 5 potions of heal wounds
 N - 4 potions of lignification
 O - 3 potions of haste {unknown}
 S - a potion of stabbing
 V - a potion of mutation {unknown}
Miscellaneous
 l - a phial of floods


   Skills:
 + Level 7.5 Fighting
 + Level 4.0 Short Blades
 + Level 0.5(2.5) Long Blades
 + Level 6.7 Armour
 + Level 7.7 Dodging
 + Level 16.0 Stealth
 + Level 6.0 Shields
 + Level 10.4 Spellcasting
 + Level 8.7 Conjurations
   Level 1.0 Summonings
 + Level 5.1 Translocations
 + Level 1.9 Fire Magic
 + Level 5.1 Air Magic
 + Level 3.3 Earth Magic
 - Level 6.0 Poison Magic
 + Level 2.0 Evocations


You had 16 spell levels left.
You knew the following spells:

 Your Spells              Type           Power        Failure   Level
a - Magic Dart            Conj           ####         1%          1
b - Mephitic Cloud        Conj/Pois/Air  ####....     1%          3
c - Conjure Flame         Conj/Fire      ####....     1%          3
d - Blink                 Tloc           N/A          1%          2
e - Stone Arrow           Conj/Erth      ####..       1%          3
f - Bolt of Magma         Conj/Fire/Erth ####......   11%         5

Your spell library contained the following spells:

 Spells                   Type           Power        Failure   Level
 Yara's Violent Unravell  Hex/Tmut       #.........   54%         5
 Shock                    Conj/Air       ####         1%          1
 Poisonous Vapours        Pois/Air       ####..       1%          2
 Swiftness                Air            ####....     1%          2
 Static Discharge         Conj/Air       ####....     1%          3
 Olgreb's Toxic Radiance  Pois           ####....     2%          4
 Sting                    Tmut/Pois      ###.         3%          1
 Ignite Poison            Fire/Tmut/Pois ###.....     3%          3
 Airstrike                Air            ####......   3%          4
 Lightning Bolt           Conj/Air       ####......   4%          5
 Summon Small Mammal      Summ           ##..         7%          1
 Call Imp                 Summ           ##......     11%         2
 Slow                     Hex            #.......     16%         2
 Call Canine Familiar     Summ           ##......     21%         3
 Summon Guardian Golem    Hex/Summ       ##......     26%         3
 Summon Lightning Spire   Summ/Air       ###.....     30%         4
 Summon Ice Beast         Ice/Summ       ##......     63%         4


Dungeon Overview and Level Annotations

Branches:
Dungeon (12/15)            Temple (1/1) D:5            Lair (6/6) D:9
 Shoals (0/4) Lair:2       Spider (0/4) Lair:2        Slime (0/5) Lair:6
    Orc (0/2) D:12          IceCv (visited)

Altars:
Ashenzari
Cheibriados
Dithmenos
Elyvilon
Fedhas
Gozag
Hepliaklqana
Kikubaaqudgha
Makhleb
Nemelex Xobeh
Okawaru
Qazlal
Ru
Sif Muna
Trog
Uskayaw
Vehumet
Wu Jian
Xom
Yredelemnul
Zin
The Shining One
Beogh


Innate Abilities, Weirdness & Mutations

You cannot wear boots.
Your serpentine skin is tough. (AC +4)
You have supernaturally acute eyesight. (SInv)
Armour fits poorly on your strangely shaped body.
Your system is resistant to poisons. (rPois)
You cover ground very slowly.
You can spit poison.
You can use your snake-like lower body to constrict enemies.


Message History

Aim: a freezing wraith (heavily damaged)
The bolt of acid hits the freezing wraith!
The freezing wraith is splashed with acid.
The acid corrodes the freezing wraith!
The freezing wraith is almost destroyed.
You hear a bellow!
The freezing wraith hits you.
* * * LOW HITPOINT WARNING * * *
The freezing wraith freezes you!!
* * * LOW HITPOINT WARNING * * *
You block the freezing wraith's attack.
Unknown command.
Casting: Bolt of Magma (dangerous; 11% risk of failure)
Confirm with . or Enter, or press ? or * to list all spells.
You miscast Blink.
You are very lightly contaminated with residual magic.
Nothing appears to happen.
The freezing wraith hits you.
* * * LOW HITPOINT WARNING * * *
The freezing wraith freezes you!!
You die...

#......# #...# #.
#....... #..###.# # #
#.#.###.###.###.##
#..###.## #.
#.#.#..##[##..# #.##
o....ยง... #.#
#.....#####.####.##
##.#.....
..###.....###.......##
......o..
#.#.###..###...##..##
######l##
#.###.#..#....##..##
...
##W#.###.#...|)..<##
#. #@..##......##.###
##...#......##....
#.###.############ #.#
### ##


You could see a freezing wraith (corroded).

Vanquished Creatures
  Fannar (D:10)
  6 hydras
  4 two-headed ogres
  A death knight (D:12)
  6 death yaks
  Nergalle (Lair:3)
  Urug (D:10)
  A skeletal warrior (D:12)
  7 ugly things
  3 ice statues (IceCv)
  Maurice (D:8)
  4 black mambas
  3 elephants (Lair:3)
  Maggie (D:8)
  9 cane toads
  A torpor snail (Lair:6)
  A gargoyle (D:11)
  A rime drake (Lair:5)
  A freezing wraith (D:12)
  10 komodo dragons
  2 trolls
  6 hornets
  A jumping spider (Lair:2)
  8 polar bears
  21 blink frogs
  A snapping turtle (Lair:2)
  8 dream sheep (Lair:6)
  4 redbacks (Lair:2)
  2 wyverns
  11 spriggans (Lair:6)
  72 yaks
  Grum (D:8)
  2 wraiths
  4 basilisks
  A steam dragon (Lair:4)
  11 water moccasins
  16 ice beasts
  An eye of draining (D:12)
  2 sky beasts
  3 necrophages (D:9)
  6 orc warriors
  8 black bears
  26 wolves
  5 centaurs
  5 ogres
  3 boggarts (Lair:6)
  3 phantoms
  2 big kobolds
  17 bullfrogs
  A gnoll sergeant (D:8)
  4 scorpions
  A wyvern skeleton (D:6)
  8 killer bees
  8 wights
  A howler monkey (D:12)
  4 electric eels
  2 bullfrog zombies
  3 centaur zombies (D:9)
  5 orc priests
  12 hounds
  A bullfrog skeleton (D:6)
  2 jellies (D:12)
  8 orc wizards
  8 worker ants
  Natasha (twice) (D:3)
  3 iguanas
  9 hell rats
  2 killer bee zombies
  A hound skeleton (D:8)
  A worker ant zombie (D:9)
  8 gnolls
  10 adders
  3 shadow imps
  5 white imps
  2 adder zombies (D:9)
  5 worms
  7 dart slugs
  3 leopard geckos
  38 orcs
  A ball python (D:3)
  6 giant cockroaches
  13 goblins
  11 hobgoblins
  14 jackals
  6 quokkas
  7 bats
  3 frilled lizards
  24 kobolds
  A leopard gecko skeleton (D:8)
  A quokka skeleton (D:4)
  9 rats
578 creatures vanquished.

Vanquished Creatures (collateral kills)
  2 killer bees (D:9)
2 creatures vanquished.

Vanquished Creatures (others)
  An electric eel (Lair:4)
  Natasha (D:3)
  3 orcs (D:3)
  A goblin (D:3)
  A hobgoblin (D:3)
  4 bushes
  86 fungi
  117 plants
214 creatures vanquished.

Grand Total: 794 creatures vanquished

Notes
Turn   | Place    | Note
-------+----------+-------------------------------------------
     0 | D:1      | zazu2006 the Naga Hedge Wizard began the quest for the Orb.
     0 | D:1      | Reached XP level 1. HP: 15/15 MP: 4/4
   119 | D:1      | Reached XP level 2. HP: 22/22 MP: 1/6
   619 | D:1      | Reached XP level 3. HP: 28/28 MP: 0/8
   624 | D:1      | Learned a level 3 spell: Mephitic Cloud
   628 | D:1      | Learned a level 3 spell: Conjure Flame
   631 | D:1      | Learned a level 2 spell: Blink
  1526 | D:2      | Reached skill level 1 in Poison Magic
  1674 | D:2      | Reached XP level 4. HP: 36/36 MP: 9/9
  2135 | D:2      | Noticed an ogre
  2296 | D:2      | Killed an ogre
  2296 | D:2      | Reached skill level 4 in Stealth
  2296 | D:2      | Reached skill level 1 in Shields
  2296 | D:2      | Reached XP level 5. HP: 11/43 MP: 5/11
  3088 | D:3      | Found a shimmering blue altar of Sif Muna.
  3091 | D:3      | Noticed Natasha
  3106 | D:3      | Killed Natasha
  3106 | D:3      | Reached XP level 6. HP: 43/50 MP: 12/12
  3155 | D:3      | Noticed Natasha
  3164 | D:3      | Killed Natasha
  3164 | D:3      | Reached skill level 1 in Fighting
  3165 | D:3      | HP: 1/51 [orc/+0 short sword (4)]
  3238 | D:3      | Killed Natasha
  4423 | D:4      | Found a glowing silver altar of Zin.
  4500 | D:4      | Found an ornate altar of the Wu Jian Council.
  4532 | D:4      | Reached skill level 5 in Stealth
  4532 | D:4      | Reached XP level 7. HP: 57/57 MP: 13/13
  4808 | D:5      | Entered Level 5 of the Dungeon
  4813 | D:5      | Found an iron altar of Okawaru.
  5278 | D:5      | Found a staircase to the Ecumenical Temple.
  5292 | Temple   | Entered the Ecumenical Temple
  5439 | Temple   | Became a worshipper of Vehumet
  5799 | D:6      | Got a bronze chain mail
  5825 | D:6      | Found a sacrificial altar of Ru.
  6276 | D:6      | Found a sparkling altar of Nemelex Xobeh.
  6300 | D:6      | Identified the +3 chain mail of a wizard's laboratory
                  | {Dex+2} (You found it on level 6 of the Dungeon)
  6340 | D:6      | Reached XP level 8. HP: 11/67 MP: 4/15
  6881 | D:7      | Reached skill level 5 in Poison Magic
  6996 | D:7      | Reached skill level 1 in Armour
  6996 | D:7      | Reached skill level 6 in Stealth
  7378 | D:7      | Reached * piety under Vehumet
  7378 | D:7      | Offered knowledge of Foxfire by Vehumet.
  7487 | D:8      | Noticed Maggie
  7499 | D:8      | Killed Maggie
  7499 | D:8      | Reached skill level 7 in Stealth
  7786 | D:8      | Reached XP level 9. HP: 71/74 MP: 11/16
  7975 | D:8      | Found a white marble altar of Elyvilon.
  7981 | D:8      | Reached skill level 5 in Spellcasting
  8022 | D:8      | Found a stormy altar of Qazlal.
  8066 | D:8      | Noticed Maurice
  8082 | D:8      | Noticed a two-headed ogre
  8088 | D:8      | Killed Maurice
  8088 | D:8      | Reached skill level 8 in Stealth
  8088 | D:8      | Reached skill level 1 in Air Magic
  8111 | D:8      | Killed a two-headed ogre
  8358 | D:8      | Found a shadowy altar of Dithmenos.
  8360 | D:8      | Noticed Grum
  8685 | D:8      | Reached XP level 10. HP: 78/84 MP: 16/19
  8693 | D:8      | Killed Grum
  9244 | D:9      | Offered knowledge of Searing Ray by Vehumet.
  9253 | D:9      | Reached ** piety under Vehumet
  9611 | D:9      | Reached skill level 9 in Stealth
 10050 | D:9      | Found a staircase to the Lair.
 10456 | D:9      | Offered knowledge of Stone Arrow by Vehumet.
 10461 | D:9      | Learned a level 3 spell: Stone Arrow
 10692 | D:9      | Found a blossoming altar of Fedhas.
 10720 | D:9      | Found a sacrificial altar of Ru.
 10720 | D:9      | Found a white marble altar of Elyvilon.
 11002 | D:10     | Entered Level 10 of the Dungeon
 11008 | D:10     | Noticed a two-headed ogre
 11021 | D:10     | Killed a two-headed ogre
 11021 | D:10     | Reached skill level 5 in Conjurations
 11021 | D:10     | Reached XP level 11. HP: 91/91 MP: 10/21
 11084 | D:10     | Reached *** piety under Vehumet
 11212 | D:10     | Noticed Fannar
 11235 | D:10     | Killed Fannar
 11235 | D:10     | Reached skill level 5 in Armour
 11235 | D:10     | Reached skill level 5 in Dodging
 11235 | D:10     | Reached skill level 10 in Stealth
 11372 | D:10     | Noticed Urug
 11389 | D:10     | Killed Urug
 11958 | D:10     | Noticed a two-headed ogre
 11974 | D:10     | Killed a two-headed ogre
 12320 | D:11     | Noticed a two-headed ogre
 12330 | D:11     | Killed a two-headed ogre
 12406 | D:11     | Noticed a green ugly thing
 12426 | D:11     | Killed a green ugly thing
 12486 | D:11     | Noticed a cyan ugly thing
 12526 | D:11     | Noticed a cyan ugly thing
 12537 | D:11     | Killed a cyan ugly thing
 12541 | D:11     | Killed a brown ugly thing
 12787 | D:11     | Noticed a six-headed hydra
 12797 | D:11     | Killed a six-headed hydra
 12797 | D:11     | Reached skill level 11 in Stealth
 13071 | D:11     | Reached skill level 5 in Fighting
 13166 | D:11     | Reached skill level 1 in Evocations
 13541 | D:11     | Offered knowledge of Hailstorm by Vehumet.
 13829 | D:12     | Reached XP level 12. HP: 83/102 MP: 24/24
 13959 | D:12     | Noticed a death knight
 14364 | D:12     | Reached skill level 1 in Fire Magic
 14393 | D:12     | Noticed a two-headed ogre
 14393 | D:12     | Noticed a centaur warrior
 14570 | Lair:1   | Entered Level 1 of the Lair of Beasts
 14580 | Lair:1   | Reached skill level 5 in Shields
 14774 | Lair:1   | Reached **** piety under Vehumet
 14839 | Lair:1   | Reached skill level 12 in Stealth
 15937 | Lair:2   | Found a broken altar of Ashenzari.
 16225 | Lair:2   | Noticed a six-headed hydra
 16236 | Lair:2   | Killed a six-headed hydra
 16273 | Lair:2   | Offered knowledge of Bolt of Magma by Vehumet.
 16273 | Lair:2   | Reached skill level 13 in Stealth
 16280 | Lair:2   | Learned a level 5 spell: Bolt of Magma
 16429 | Lair:2   | Found a staircase to the Shoals.
 16451 | Lair:2   | Found a hole to the Spider Nest.
 16947 | Lair:3   | Reached skill level 1 in Earth Magic
 16947 | Lair:3   | Noticed a death yak
 16969 | Lair:3   | Found a frozen archway.
 16978 | IceCv    | Entered an ice cave
 17414 | IceCv    | Gained mutation: You can use your snake-like lower body to
                  | constrict enemies. [Naga growth]
 17414 | IceCv    | Reached XP level 13. HP: 49/111 MP: 18/26
 19653 | IceCv    | Got a bound pewter ring
 20096 | Lair:3   | Reached ***** piety under Vehumet
 20351 | Lair:3   | Noticed Nergalle
 20366 | Lair:3   | Killed Nergalle
 20366 | Lair:3   | Offered knowledge of Freezing Cloud by Vehumet.
 21045 | Lair:3   | Reached skill level 14 in Stealth
 21945 | Lair:4   | HP: 5/112 [eight-headed hydra (12)]
 22808 | Lair:4   | Offered knowledge of Fulminant Prism by Vehumet.
 22808 | Lair:4   | Reached XP level 14. HP: 93/121 MP: 17/27
 23648 | Lair:5   | Reached skill level 15 in Stealth
 23981 | Lair:5   | Reached skill level 1 in Short Blades
 24354 | Lair:6   | Entered Level 6 of the Lair of Beasts
 24360 | Lair:6   | Reached skill level 10 in Spellcasting
 25236 | Lair:6   | Reached skill level 5 in Translocations
 26267 | Lair:6   | Found a staircase to the Slime Pits.
 26300 | Lair:6   | Offered knowledge of Yara's Violent Unravelling by Vehumet.
 26760 | Lair:6   | Reached skill level 5 in Air Magic
 27086 | Lair:6   | Identified the ring "Ziz Kaef" {*Corrode rF+ MP+9 SInv}
                  | (You found it in an ice cave)
 27294 | D:12     | Found a roughly hewn altar of Beogh.
 27294 | D:12     | Found a staircase to the Orcish Mines.
 27357 | D:12     | Reached skill level 16 in Stealth
 27926 | D:12     | HP: 6/123 [freezing wraith[a death knight] (5)]
 27926 | D:12     | Demolished by a freezing wraith

Illustrated notes

Levels and vault maps discovered:
D:1:      dpeg_arrival_radiant, layout_loops_ring
D:2:      layout_basic, minmay_goblin_kobold_house
D:3:      layout_loops_ring, lemuel_crystal_altar, lemuel_old_faithful,
          uniq_natasha
D:4:      layout_rooms, lemuel_coloured_pillars_altar, zin_academy
D:5:      layout_basic, minmay_temple_entry_wispy, okawaru_trees_1
D:6:      layout_basic, basic_altar, nemelex_xobeh_ov_fountains_minmay
D:7:      layout_rooms
D:8:      layout_loops_ring, nicolae_dithmenos_shadow_blocks, basic_altar,
          grunt_qazlal_sundering, uniq_maurice, uniq_grum, uniq_maggie
D:9:      layout_long_grid, gammafunk_temple_overflow_statue, erik_lair_island,
          fedhas_altar_decomposition
D:10:     layout_gridville, uniq_urug, uniq_fannar
D:11:     layout_gridville
D:12:     minmay_the_grid_triangle_9x9_recursive_3
          [minmay_the_grid_triangle_9x9_fully_insulated_deathbox,
          minmay_the_grid_triangle_9x9_cache,
          minmay_the_grid_triangle_9x9_warning,
          minmay_the_grid_triangle_9x9_prize_insulated,
          minmay_the_grid_triangle_9x9_steps,
          minmay_the_grid_triangle_9x9_from_above,
          minmay_the_grid_triangle_9x9_thin_v,
          minmay_the_grid_triangle_9x9_skeleton,
          minmay_the_grid_triangle_9x9_subtriangle], layout_loops_ring,
          david_orc_5
Temple:   eino_temple_scatter_basement
Lair:1:   layout_misc_corridors, chequers_serial_rivers_marsh
Lair:2:   layout_roguey, minmay_shoals_entry_hut,
          nicolae_spider_entry_tight_spaces, basic_altar, lemuel_fruit_tree,
          grunt_megastairs_4
Lair:3:   layout_misc_corridors, portal_ice_cave_entry_ice_beasts,
          serial_bayou_lagoon_a, uniq_nergalle
Lair:4:   layout_cave_pods, nicolae_quartered_pool_medium, grunt_megastairs_2,
          infiniplex_staircase_pool
Lair:5:   layout_roguey
Lair:6:   minmay_lair_end_enchanted_forest, layout_loops_ring, slime_dummy

Skill      XL: |  1  2  3  4  5  6  7  8  9 10 11 12 13 14 |
---------------+-------------------------------------------+-----
Poison Magic   | 1 2 3 4 6 |  6.0
Spellcasting   | 4 6 7 8 9 10 | 10.4
Stealth        | 4 5 7 8 9 11 13 14 16 | 16.0
Shields        | 1 2 3 4 5 6 |  6.0
Conjurations   | 2 4 5 7 8 |  8.7
Dodging        | 2 3 4 5 6 7 |  7.7
Fighting       | 1 2 3 4 5 6 7 |  7.5
Armour         | 1 4 5 6 |  6.7
Air Magic      | 2 3 4 5 |  5.1
Translocations | 2 3 4 5 |  5.1
Evocations     | 1 2 |  2.0
Fire Magic     | 1 |  1.9
Earth Magic    | 1 2 3 |  3.3
Short Blades   | 4 |  4.0
Long Blades    | |  0.5
Summonings     | |  1.0

Action                   |  1- 3 |  4- 6 |  7- 9 | 10-12 | 13-15 || total
-------------------------+-------+-------+-------+-------+-------++-------
Melee: Dagger            |    44 |   151 |   204 |   698 |   812 ||  1909
       Long sword        |       |       |    46 |       |       ||    46
       Constrict         |       |       |       |       |   174 ||   174
Throw: Dart              |     1 |    10 |     9 |     6 |       ||    26
 Cast: Magic Dart        |    50 |     7 |    48 |    73 |    19 ||   197
       Mephitic Cloud    |       |     5 |    17 |    70 |    99 ||   191
       Blink             |       |     1 |     9 |    25 |    22 ||    57
       Conjure Flame     |       |       |     1 |    13 |     7 ||    21
       Stone Arrow       |       |       |       |    47 |    99 ||   146
       Bolt of Magma     |       |       |       |     3 |    30 ||    33
 Abil: Spit Poison       |     5 |     3 |     5 |     6 |     5 ||    24
       Evoke Invisibilit |       |       |       |       |     3 ||     3
Evoke: Wand              |       |       |     1 |    12 |    17 ||    30
  Use: Potion            |       |     3 |       |     1 |     5 ||     9
       Scroll            |       |       |     7 |     9 |     3 ||    19
 Stab: Sleeping          |       |    10 |     5 |    15 |     3 ||    33
       Confused          |       |     1 |     8 |    41 |    70 ||   120
       Paralysed         |       |       |     2 |     3 |       ||     5
       Invisible         |       |       |       |       |     4 ||     4
Armor: Robe              |    11 |    57 |       |       |       ||    68
       Leather armour    |       |       |    51 |       |       ||    51
       Acid dragon scale |       |       |    56 |   309 |   313 ||   678
Dodge: Dodged            |    29 |   100 |   125 |   351 |   411 ||  1016
Block: Buckler           |       |       |     5 |   139 |   158 ||   302
       Rpst.: Long sword |       |       |     4 |       |       ||     4

Table legend: (Time is in decaauts)
 A = Elapsed time spent in this place.
 B = Non-inter-level travel time spent in this place.
 C = Inter-level travel time spent in this place.
 D = Time resting spent in this place.
 E = Time spent auto-exploring this place.
 F = Levels seen in this place.
 G = Mean time per level.
                   A        B        C        D        E       F      G
               +--------+--------+--------+--------+--------+-----+--------+
         Total |  32530 |  31691 |    839 |   6102 |  18682 |  20 | 1626.5 |
       Dungeon |  17888 |  17338 |    550 |   1839 |  11640 |  12 | 1490.7 |
        Temple |    207 |    207 |      0 |      0 |    172 |   1 |  207.0 |
          Lair |  11577 |  11288 |    289 |   2162 |   6869 |   6 | 1929.5 |
      Ice Cave |   2856 |   2856 |      0 |   2100 |      0 |   1 | 2856.0 |
               +--------+--------+--------+--------+--------+-----+--------+

Top non-repeatable levels by time:
   IceCv: 2856 daAuts
  Lair:6: 2471 daAuts
     D:9: 2195 daAuts
  Lair:3: 2110 daAuts
  Lair:4: 2061 daAuts
     D:8: 1983 daAuts
    D:11: 1853 daAuts
  Lair:2: 1761 daAuts
     D:2: 1700 daAuts
     D:1: 1659 daAuts
  Lair:1: 1610 daAuts
  Lair:5: 1561 daAuts
    D:10: 1552 daAuts
    D:12: 1530 daAuts
     D:3: 1480 daAuts
